 Seeded DCSS version 0.29-a0-330-g52719c12eb (webtiles) character file.

Game seed: 18446744073709551615 (custom seed)

5 thiscave3701365 the Slasher (level 1, 7/20 HPs)
             Began as a Minotaur Berserker on Apr 12, 2022.
             Was a Follower of Trog.
             Quit the game on level 1 of the Dungeon.
             The game lasted 00:00:17 (741 turns).

thiscave3701365 the Slasher (Minotaur Berserker)     Turns: 741, Time: 00:00:17

Health: 7/20       AC:  2    Str: 21    XL:     1   Next: 66%
Magic:  0/0        EV: 12    Int:  4    God:    Trog [*.....]
Gold:   67         SH:  0    Dex:  9    Spells: 0/0 levels left

rFire   . . .      SeeInvis .   a - +0 falchion
rCold   . . .      Faith    .   (no shield)
rNeg    . . .      Spirit   .   b - +0 animal skin
rPois   .          Reflect  .   (helmet restricted)
rElec   .          Harm     .   (no cloak)
rCorr   .          Rampage  .   (no gloves)
Will    .....                   (no boots)
Stlth   +.........              (no amulet)
HPRegen 0.06/turn               (no ring)
MPRegen 0.07/turn               (no ring)

@: no status effects
A: horns 2, retaliatory headbutt
a: Renounce Religion, Berserk


You were on level 1 of the Dungeon.
You worshipped Trog.
Trog was aware of your devotion.
You visited 1 branch of the dungeon, and saw 1 of its levels.

You collected 67 gold pieces.

Inventory:

Hand Weapons
 a - a +0 falchion (weapon)
Armour
 b - a +0 animal skin (worn)
Scrolls
 c - a scroll of enchant armour {unknown}
 e - a scroll of noise {unknown}
 h - 2 scrolls of teleportation {unknown}
 i - a scroll of identify {unknown}
Potions
 d - a potion of heal wounds {unknown}
 f - a potion of flight {unknown}
 g - a potion of curing {unknown}


   Skills:
 + Level 3.7 Fighting
 + Level 3.7 Long Blades
 + Level 2.6 Armour
 + Level 2.3 Dodging


You couldn't memorise any spells.
You didn't know any spells.
Your spell library was empty.

Dungeon Overview and Level Annotations

Branches:
Dungeon (1/15)

Altars:


Innate Abilities, Weirdness & Mutations

You have a pair of horns on your head.
You reflexively headbutt those who attack you in melee.


Message History

Unknown command.
Found a stone staircase leading down.
No target in view!
A gnoll comes into view. It is wielding a +0 club.
The gnoll shouts!
Unknown command.
A quokka comes into view.
There are monsters nearby!
The quokka barely misses you.
There are monsters nearby!
Unknown command.
You hit the quokka but do no damage. Your headbutt misses the quokka.
The quokka closely misses you. x2
There are monsters nearby!
You barely miss the gnoll. The quokka bites you.
The gnoll hits you with a +0 club.
There are monsters nearby!
Unknown command.
You hit the gnoll. Your headbutt misses the gnoll.
The gnoll is heavily wounded.
The quokka barely misses you. The gnoll hits you with a +0 club.
There are monsters nearby!
There are monsters nearby!
You are too injured to fight recklessly!
Unknown command.
You are too injured to fight recklessly!
There are monsters nearby!
Unknown command.
There are monsters nearby!
You are too injured to fight recklessly!
There are monsters nearby!
You are too injured to fight recklessly!
There are monsters nearby!
Are you sure you want to abandon this character and quit the game? (Confirm with "yes".)
Okay, then.
Unknown command.
Unknown command.
Unknown command.
Unknown command.
Are you sure you want to abandon this character and quit the game? (Confirm with "yes".)

#...# #........#
# ..#...#
#........# #
#.##.##
#........###
..#.##
#.........).
#.#..#
#........###
....# ##.#######
# #...# #.# #
#######g..# #.###
# ......r@>.#
#.#.# #
########..# #.#.#
# #..####.#.# #
#....##.#.# #
#.......#.# #
#.##......# #
#.#######.# # #.#
#.#
#######.#######.#


You could see a gnoll and a quokka.

Vanquished Creatures
  A hobgoblin (D:1)
  2 kobolds (D:1)
  A quokka (D:1)
4 creatures vanquished.

Notes
Turn   | Place    | Note
-------+----------+-------------------------------------------
     0 | D:1      | thiscave3701365 the Minotaur Berserker began the quest for
                  | the Orb.
     0 | D:1      | Reached XP level 1. HP: 19/19 MP: 0/0
   741 | D:1      | Quit the game

Illustrated notes

Levels and vault maps discovered:
D:1:      matt_arrival_refuge, layout_basic

Action                   || total
-------------------------++-------
Melee: Falchion          ||    13
       Headbutt          ||     1
Dodge: Dodged            ||    16

Table legend: (Time is in decaauts)
 A = Elapsed time spent in this place.
 B = Non-inter-level travel time spent in this place.
 C = Inter-level travel time spent in this place.
 D = Time resting spent in this place.
 E = Time spent auto-exploring this place.
 F = Levels seen in this place.
 G = Mean time per level.
                   A        B        C        D        E       F      G
               +--------+--------+--------+--------+--------+-----+--------+
         Total |    742 |    742 |      0 |      0 |    694 |   1 |  742.0 |
       Dungeon |    742 |    742 |      0 |      0 |    694 |   1 |  742.0 |
               +--------+--------+--------+--------+--------+-----+--------+

Top non-repeatable levels by time:
     D:1: 742 daAuts
